 Seeded DCSS version 0.29.1-1-gd02db6906a (webtiles) character file.

Game seed: 2387645567842811425 (custom seed)

78 lonewolfV2 the Trooper (level 4, -14/36 HPs)
             Began as a Demonspawn Fighter on Oct 18, 2022.
             Killed by an exploding gnoll (50 damage)
             ... ignited by their inner flame
             ... on level 2 of the Dungeon.
             The game lasted 00:02:41 (2600 turns).

lonewolfV2 the Trooper (Demonspawn Fighter)         Turns: 2600, Time: 00:02:41

Health: -14/36     AC:  6    Str: 19    XL:     4   Next: 15%
Magic:  4/4        EV: 13    Int:  9    God:
Gold:   1094       SH:  4    Dex: 12    Spells: 3/3 levels left

rFire   . . .      SeeInvis .     - Unarmed
rCold   . . .      Faith    .   b - +0 buckler
rNeg    . . .      Spirit   .   a - +0 scale mail
rPois   .          Reflect  .   (no helmet)
rElec   .          Harm     .   (no cloak)
rCorr   .          Rampage  .   (no gloves)
Will    .....                   (no boots)
Stlth   ..........              (no amulet)
HPRegen 0.12/turn               e - +4 ring of evasion
MPRegen 0.09/turn               (no ring)

@: no status effects
A: foul stench 1
a: no special abilities


You were on level 2 of the Dungeon.
You visited 1 branch of the dungeon, and saw 2 of its levels.

You collected 1094 gold pieces.

Inventory:

Armour
 a - a +0 scale mail (worn)
 b - a +0 buckler (worn)
Jewellery
 e - a +4 ring of evasion (left hand)
 j - a +6 ring of dexterity
Scrolls
 h - a scroll of teleportation
Potions
 c - a potion of might
 d - 4 potions of curing {unknown}
 f - a potion of haste {unknown}
 g - a potion of magic {unknown}


   Skills:
 + Level 3.6 Fighting
 + Level 3.2 Armour
 + Level 3.2 Shields
 + Level 2.5 Unarmed Combat


You had 3 spell levels left.
You didn't know any spells.
Your spell library contained the following spells:

 Spells                   Type           Power      Damage    Failure   Level
 Confusing Touch          Hex            0%         N/A       99%         3
 Gell's Gravitas          Tloc           0%         N/A       99%         3
 Lesser Beckoning         Tloc           0%         N/A       99%         3
 Teleport Other           Tloc           0%         N/A       99%         3
 Yara's Violent Unravell  Hex/Tmut       0%         3d3       100%        5
 Enfeeble                 Hex            0%         N/A       100%        7


Dungeon Overview and Level Annotations

Branches:
Dungeon (2/15)

Altars:


Innate Abilities, Weirdness & Mutations

You may rarely emit foul miasma when damaged in melee.


Message History

j - a +6 ring of dexterity
Found a whip.
A bat comes into view.
You block the bat's attack.
You see here a +0 whip.
A bat is nearby!
A bat is nearby!
A bat is nearby!
The bat closely misses you. The bat hits you but does no damage.
The bat hits you but does no damage. The bat closely misses you.
You barely miss the bat. The bat barely misses you. The bat misses you.
You hit the bat.
You kill the bat!
No target in view!
No target in view!
You see here a bat corpse.
Key pressed, stopping explore. 2 gnolls come into view.
The gnoll shouts! x2
The gnoll moves out of view. 2 gnolls come into view.
A gnoll is wielding a +1 spear of flaming.
Found a club.
The gnoll shouts! x2
The gnoll throws a throwing net.
The throwing net barely misses you.
As you read the scroll labelled KOOGIZ YTHRUN, it crumbles to dust.
The creatures around you are filled with an inner flame!
It was a scroll of immolation.
The gnoll completely misses you.
You hit the gnoll.
Flame seeps out of the gnoll.
The gnoll is moderately wounded.
The gnoll is engulfed in blazing flames.
The gnoll explodes!
The fiery explosion engulfs the gnoll!!
You kill the gnoll!
The fiery explosion engulfs you!!!
Ouch! That really hurt!
You die...

##### ##..## #.....
#..~..# #.~g...##
#..~~...# #...~)gg# #§#
#.# #○# #.# #@# ## #.##
#.# .. ...# #.# ### .#
#..# #.# #.. .# #..# #.#
#.# .# #..# #(# #.#
.###..# #.# #.#
.)....##### #.# #.#
###...#...######.######.#


You could see 2 gnolls.

Vanquished Creatures
  3 gnolls
  2 adders (D:2)
  2 dart slugs
  4 endoplasms (D:1)
  5 giant cockroaches
  2 goblins
  4 hobgoblins
  3 jackals (D:1)
  6 kobolds
  3 quokkas
  3 ball pythons
  3 bats
  A frilled lizard (D:2)
  4 rats
45 creatures vanquished.

Notes
Turn   | Place    | Note
-------+----------+-------------------------------------------
     0 | D:1      | lonewolfV2 the Demonspawn Fighter began the quest for the
                  | Orb.
     0 | D:1      | Reached XP level 1. HP: 18/18 MP: 1/1
    66 | D:1      | Identified a scroll of acquirement
    66 | D:1      | Acquired 1040 gold pieces
   190 | D:1      | Gained mutation: You may rarely emit foul miasma when
                  | damaged in melee. [demonic ancestry]
   190 | D:1      | Reached XP level 2. HP: 4/24 MP: 2/2
   970 | D:1      | You fall into a shaft and drop 1 floor!
  1355 | D:2      | Reached XP level 3. HP: 28/29 MP: 3/3
  1875 | D:1      | Found a faded altar of an unknown god.
  2527 | D:2      | Reached XP level 4. HP: 35/35 MP: 4/4
  2600 | D:2      | Killed by an exploding gnoll... ignited by their inner
                  | flame

Illustrated notes

Levels and vault maps discovered:
D:1:      lemuel_arrival_room, layout_basic, ebering_ecumenical_altar_box
D:2:      layout_loops_ring, serial_rivers, chequers_serial_rivers_micro_e,
          chequers_serial_rivers_micro_b, chequers_serial_rivers_small_3,
          chequers_serial_rivers_micro_c, chequers_serial_rivers_micro_d,
          basic_altar

Skill      XL: |  1  2 |
---------------+-------+-----
Unarmed Combat | 2 |  2.5
Shields        | 3 |  3.2
Armour         | 3 |  3.2
Fighting       | |  3.6

Action                   |  1- 3 |  4- 6 || total
-------------------------+-------+-------++-------
Melee: Unarmed           |   189 |    11 ||   200
  Use: Scroll            |     4 |     1 ||     5
Armor: Scale mail        |    66 |     4 ||    70
Dodge: Dodged            |    96 |    11 ||   107
Block: Buckler           |    31 |     3 ||    34
